 Dungeon Crawl Stone Soup version 0.29-a0-1047-g7c58e119a4 (webtiles) character file.

Game seed: 1097591712151659177

399 ytrimaz the Insei (level 6, -12/43 HPs)
             Began as a Demonspawn Transmuter on Aug 16, 2022.
             Mangled by a gnoll
             ... wielding a +0 halberd
              (13 damage)
             ... on level 4 of the Dungeon.
             The game lasted 00:03:18 (3403 turns).

ytrimaz the Insei (Demonspawn Transmuter)           Turns: 3403, Time: 00:03:19

Health: -12/43     AC:  2    Str:  9 (10) XL:     6   Next: 54%
Magic:  7/9        EV: 12    Int: 15 (16) God:
Gold:   55         SH:  0    Dex: 14      Spells: 3/9 levels left

rFire   . . .      SeeInvis .     - Unarmed
rCold   . . .      Faith    .   (no shield)
rNeg    . . .      Spirit   .   a - +0 robe
rPois   .          Reflect  .   (helmet currently unavailable)
rElec   .          Harm     .   (no cloak)
rCorr   .          Rampage  .   (no gloves)
Will    .....                   (boots currently unavailable)
Stlth   +.........              (no amulet)
HPRegen 0.14/turn               (no ring)
MPRegen 0.11/turn               (no ring)

@: appendages (expiring), wereblooded (expiring)
A: horns 2, talons 2, powered by death 1
a: End Transformation


You were on level 4 of the Dungeon.
You had temporarily grown beastly horns and talons.
You visited 1 branch of the dungeon, and saw 4 of its levels.

You collected 55 gold pieces.

Inventory:

Missiles
 j - a throwing net
Armour
 a - a +0 robe (worn)
 h - a +0 pair of boots
Wands
 b - a wand of flame (11)
Scrolls
 d - 4 scrolls of teleportation
 e - 3 scrolls of enchant weapon
 f - a scroll of immolation
Potions
 c - a potion of resistance {unknown}
 g - a potion of heal wounds
 i - a potion of magic {unknown}


   Skills:
 - Level 1.0 Fighting
 - Level 1.7 Dodging
 + Level 6.8 Unarmed Combat
 - Level 2.0 Spellcasting
 - Level 1.7 Transmutations


You had 3 spell levels left.
You knew the following spells:

 Your Spells              Type           Power      Damage    Failure   Level
a - Beastly Appendage     Tmut           12%        N/A       11%         1
b - Wereblood             Tmut           6%         N/A       16%         2
c - Spider Form           Tmut/Pois      4%         N/A       43%         3

Your spell library contained the following spells:

 Spells                   Type           Power      Damage    Failure   Level
 Ice Form                 Ice/Tmut       4%         N/A       83%         4


Dungeon Overview and Level Annotations

Branches:
Dungeon (4/15)
 Temple: D:4-7

Altars:

Annotations:
D:3 3 runed translucent doors, Wyvernaa's ghost, amateur HOMo


Innate Abilities, Weirdness & Mutations

You have temporarily grown beastly horns and talons.
You regenerate a little health from kills.


Message History

Your punch misses the hound.
The hound is severely wounded.
The hound closely misses you. The hound bites you but does no damage.
Unknown command.
You barely miss the hound. Your kick misses the hound.
The hound is severely wounded.
The hound closely misses you.
You punch the hound!
You feel a bit better.
You kill the hound!
The gnoll closely misses you.
Unknown command.
You howl as the wereblood boils in your veins!
You hear a shout!
The gnoll barely misses you. The gnoll hits you with a +0 halberd!
You hit the gnoll. You claw the gnoll, but do no damage.
The gnoll is lightly wounded.
You howl as the wereblood boils in your veins!
The gnoll misses you. The gnoll closely misses you.
The gnoll hits you with a +0 vorpal flail!
You are too injured to fight recklessly!
Unknown command.
You hit the gnoll.
The gnoll is moderately wounded.
You howl as the wereblood boils in your veins!
The gnoll hits you with a +0 halberd. The gnoll barely misses you.
The gnoll hits you with a +0 vorpal flail.
* * * LOW HITPOINT WARNING * * *
x2 You are too injured to fight recklessly!
You hit the gnoll but do no damage. You claw the gnoll.
The gnoll is heavily wounded.
Your primal bloodlust is almost over.
The gnoll hits you with a +0 halberd.
* * * LOW HITPOINT WARNING * * *
An orc comes into view. It is wielding a +0 club.
The gnoll hits you with a +0 whip.
* * * LOW HITPOINT WARNING * * *
The gnoll barely misses you.
Unknown command.
The gnoll hits you from afar with a +0 halberd!
You die...

..........##..#..#..###
.................#..#..
.................#.....
...#..#.................#
..... #.................##
.....g..####..............
...... ##.#.....##.).....
......###..........†......
.......g#@...............#
.o.....g.#.#..............
.......g###...............
......####................
..... #............#....
...# #............#...# ..
##................ .
#........## ##.....###


You could see 2 gnolls.

Vanquished Creatures
  Sigmund (D:2)
  A necrophage (D:3)
  A hound (D:4)
  An iguana (D:4)
  An orc wizard (D:4)
  Robin (D:2)
  An adder (D:2)
  A worm (D:2)
  A dart slug (D:3)
  3 orcs
  4 bats
  8 endoplasms
  3 giant cockroaches
  15 goblins
  11 hobgoblins
  3 jackals (D:3)
  2 quokkas
  5 ball pythons
  5 frilled lizards
  4 kobolds
  3 rats
75 creatures vanquished.

Notes
Turn   | Place    | Note
-------+----------+-------------------------------------------
     0 | D:1      | ytrimaz the Demonspawn Transmuter began the quest for the
                  | Orb.
     0 | D:1      | Reached XP level 1. HP: 15/15 MP: 3/3
   274 | D:1      | Reached skill level 3 in Unarmed Combat
   466 | D:1      | Gained mutation: You regenerate a little health from kills.
                  | [demonic ancestry]
   466 | D:1      | Reached XP level 2. HP: 21/21 MP: 5/5
   480 | D:1      | Found a faded altar of an unknown god.
   956 | D:2      | Noticed Sigmund
   995 | D:2      | Killed Sigmund
   996 | D:2      | Reached skill level 5 in Unarmed Combat
   996 | D:2      | Reached XP level 3. HP: 26/26 MP: 6/6
   996 | D:2      | Reached XP level 4. HP: 32/32 MP: 7/7
   996 | D:2      | Reached XP level 5. HP: 37/37 MP: 8/8
  1174 | D:2      | HP: 1/37 [rat (2)]
  1561 | D:2      | Noticed Robin
  1578 | D:2      | Killed Robin
  1663 | D:2      | Learned a level 2 spell: Wereblood
  1667 | D:2      | Learned a level 3 spell: Spider Form
  1991 | D:3      | Reached skill level 6 in Unarmed Combat
  2439 | D:3      | Found a runed translucent gate.
  2512 | D:3      | Found a runed translucent gate.
  2512 | D:3      | Found a runed translucent gate.
  2514 | D:3      | Noticed Wyvernaa's ghost (amateur HOMo)
  2634 | D:3      | Reached XP level 6. HP: 28/43 MP: 7/9
  3402 | D:4      | HP: 1/43 [gnoll/+0 whip (2)]
  3403 | D:4      | Mangled by a gnoll

Illustrated notes

Levels and vault maps discovered:
D:1:      lemuel_arrival_hallway, layout_basic,
          shapermc_ecumenical_altar_mp_ritualfount
D:2:      layout_rooms, uniq_sigmund, uniq_robin
D:3:      layout_basic, ebering_ghost_rock_garden, serial_curves,
          eino_curves_01, eino_curves_04, eino_curves_01
D:4:      layout_cave_pools, eat_drink_and_be_merry_uskayaw

Skill      XL: |  1  2  3  4  5 |
---------------+----------------+-----
Unarmed Combat | 3 5 6 |  6.8
Fighting       | |  1.0
Dodging        | |  1.7
Spellcasting   | |  2.0
Transmutations | |  1.7

Action                   |  1- 3 |  4- 6 || total
-------------------------+-------+-------++-------
Melee: Unarmed           |    23 |   184 ||   207
       Kick              |     5 |    28 ||    33
       Headbutt          |     4 |    10 ||    14
       Punch             |     1 |     7 ||     8
 Cast: Beastly Appendage |    12 |    26 ||    38
       Wereblood         |       |     5 ||     5
       Spider Form       |       |     1 ||     1
  Use: Scroll            |     4 |     2 ||     6
       Potion            |     2 |     2 ||     4
 Stab: Fleeing           |     1 |       ||     1
Armor: Robe              |     8 |    29 ||    37
       Skin              |     9 |     6 ||    15
Dodge: Dodged            |    19 |   118 ||   137

Table legend: (Time is in decaauts)
 A = Elapsed time spent in this place.
 B = Non-inter-level travel time spent in this place.
 C = Inter-level travel time spent in this place.
 D = Time resting spent in this place.
 E = Time spent auto-exploring this place.
 F = Levels seen in this place.
 G = Mean time per level.
                   A        B        C        D        E       F      G
               +--------+--------+--------+--------+--------+-----+--------+
         Total |   3384 |   3213 |    171 |    309 |   2325 |   4 |  846.0 |
       Dungeon |   3384 |   3213 |    171 |    309 |   2325 |   4 |  846.0 |
               +--------+--------+--------+--------+--------+-----+--------+

Top non-repeatable levels by time:
     D:3: 1420 daAuts
     D:1: 973 daAuts
     D:2: 857 daAuts
     D:4: 134 daAuts
